MLB
PITTSBURGH PIRATES @ MILWAUKEE BREWERS
04/11/2044
 
TOP OF THE 1ST
Pittsburgh Pirates batting - Pitching for Milwaukee Brewers : RHP Mekonen Mahfudh
Pitching: RHP Mekonen Mahfudh
Batting: RHB Eisse Bravenboer 0-0: Ball
1-0: Called Strike
1-1: Foul Ball, location: 2F
1-2: SINGLE (Groundball, 25, EV 69.4 MPH) (infield hit)
Batting: RHB Steve Jordan 0-0: Ball
Eisse Bravenboer steals 2nd base
1-0: Ball
2-0: Foul Ball, location: 2F
2-1: Called Strike
2-2: Strikes out swinging
Batting: SHB Marvin McAleer 0-0: Called Strike
0-1: Ball
1-1: Ball
2-1: Swinging Strike
2-2: Foul Ball, location: 2F
2-2: Ball
3-2: Strikes out looking
Batting: LHB Theodore Conboy 0-0: Ball
1-0: Ball
2-0: Fly out, F7 (Flyball, 78M, EV 83.8 MPH)
Top of the 1st over - 0 runs, 1 hit, 0 errors, 1 left on base; Pittsburgh 0 - Milwaukee 0
BOTTOM OF THE 1ST
Milwaukee Brewers batting - Pitching for Pittsburgh Pirates : RHP Jeremy Kennie
Pitching: RHP Jeremy Kennie
Batting: RHB Daniel Donovan 0-0: Foul Ball, location: 2F
0-1: Foul Ball, location: 2F
0-2: Ball
1-2: Ball
2-2: Ball
3-2: Foul Ball, location: 2F
3-2: Strikes out swinging
Batting: RHB Akitada Nishizawa 0-0: Ball
1-0: Called Strike
1-1: Called Strike
1-2: Foul Ball, location: 2F
1-2: Strikes out swinging
Batting: SHB Jason Woods 0-0: Ball
1-0: Ball
2-0: Ball
3-0: Called Strike
3-1: Foul Ball, location: 2F
3-2: Base on Balls
Batting: LHB Cooper Broomhall 0-0: Ball
1-0: Foul Ball, location: 2F
1-1: Foul Ball, location: 2F
1-2: Foul Ball, location: 2F
1-2: Ball
2-2: Ball
3-2: Base on Balls
Jason Woods to second
Batting: LHB Tetsuya Oba 0-0: Called Strike
0-1: Foul Ball, location: 2F
0-2: Ball
1-2: Strikes out looking
Bottom of the 1st over - 0 runs, 0 hits, 0 errors, 2 left on base; Pittsburgh 0 - Milwaukee 0
TOP OF THE 2ND
Pittsburgh Pirates batting - Pitching for Milwaukee Brewers : RHP Mekonen Mahfudh
Batting: RHB Tommie Eaton 0-0: Ball
1-0: Called Strike
1-1: Ball
2-1: Foul Ball, location: 2F
2-2: Ball
3-2: Ground out 5-3 (Groundball, 56, EV 88.8 MPH)
Batting: RHB Pedro Nin 0-0: Ball
1-0: Ball
2-0: Foul Ball, location: 2F
2-1: Ball
3-1: Foul Ball, location: 2F
3-2: Fly out, F8 (Flyball, 89D, EV 83.8 MPH)
Batting: RHB Mike Thornton 0-0: Ball
1-0: Called Strike
1-1: Foul Ball, location: 2F
1-2: SINGLE (Groundball, 6MD, EV 96.9 MPH)
Batting: RHB Mike Bates 0-0: Ball
Mike Thornton steals 2nd base
1-0: Ball
2-0: Called Strike
2-1: Fly out, F6 (Line Drive, 6, EV 69.4 MPH)
Top of the 2nd over - 0 runs, 1 hit, 0 errors, 1 left on base; Pittsburgh 0 - Milwaukee 0
BOTTOM OF THE 2ND
Milwaukee Brewers batting - Pitching for Pittsburgh Pirates : RHP Jeremy Kennie
Batting: SHB Jean-François Bernard 0-0: Fly out, F9 (Line Drive, 9D, EV 106.3 MPH)
Batting: RHB Cody Flowers 0-0: Swinging Strike
0-1: Swinging Strike
0-2: Ball
1-2: SINGLE (Line Drive, 4MD, EV 96.3 MPH)
Batting: RHB Kisho Ito 0-0: Called Strike
Cody Flowers is caught stealing 2nd base 2-4
0-1: SINGLE (Groundball, 25, EV 63.8 MPH) (infield hit)
Batting: RHB Ben Campbell 0-0: Ball
1-0: Called Strike
1-1: Ball
2-1: Foul Ball, location: 2F
2-2: Fly out, F5 (Line Drive, 5, EV 71.3 MPH)
Bottom of the 2nd over - 0 runs, 2 hits, 0 errors, 1 left on base; Pittsburgh 0 - Milwaukee 0
TOP OF THE 3RD
Pittsburgh Pirates batting - Pitching for Milwaukee Brewers : RHP Mekonen Mahfudh
Batting: RHB Andrew Robinson 0-0: Swinging Strike
0-1: Called Strike
0-2: Ball
1-2: Foul Ball, location: 2F
1-2: Fly out, F7 (Flyball, 7D, EV 106.3 MPH)
Batting: RHB Eisse Bravenboer 0-0: Fly out, F9 (Flyball, 9LM, EV 101.3 MPH)
Batting: RHB Steve Jordan 0-0: Ball
1-0: Called Strike
1-1: Ball
2-1: Fly out, F7 (Flyball, 7LS, EV 85.0 MPH)
Top of the 3rd over - 0 runs, 0 hits, 0 errors, 0 left on base; Pittsburgh 0 - Milwaukee 0
BOTTOM OF THE 3RD
Milwaukee Brewers batting - Pitching for Pittsburgh Pirates : RHP Jeremy Kennie
Batting: RHB Daniel Donovan 0-0: Called Strike
0-1: Swinging Strike
0-2: Strikes out looking
Batting: RHB Akitada Nishizawa 0-0: Ball
1-0: Called Strike
1-1: Swinging Strike
1-2: Ball
2-2: Ball
3-2: Foul Ball, location: 2F
3-2: Base on Balls
Batting: SHB Jason Woods 0-0: Ball
Akitada Nishizawa is caught stealing 2nd base 2-6
1-0: Foul Ball, location: 2F
1-1: Foul Ball, location: 2F
1-2: Ball
2-2: SINGLE (Line Drive, 8LS, EV 93.8 MPH)
Batting: LHB Cooper Broomhall 0-0: Ball
1-0: Swinging Strike
1-1: Called Strike
1-2: Ball
2-2: Foul Ball, location: 2F
2-2: Foul Ball, location: 2F
2-2: Ball
3-2: Foul Ball, location: 2F
3-2: Fly out, F9 (Line Drive, 9D, EV 103.8 MPH)
Bottom of the 3rd over - 0 runs, 1 hit, 0 errors, 1 left on base; Pittsburgh 0 - Milwaukee 0
TOP OF THE 4TH
Pittsburgh Pirates batting - Pitching for Milwaukee Brewers : RHP Mekonen Mahfudh
Batting: SHB Marvin McAleer 0-0: Ball
1-0: Called Strike
1-1: Ball
2-1: Foul Ball, location: 2F
2-2: Ball
3-2: Foul Ball, location: 2F
3-2: Foul Ball, location: 2F
3-2: SINGLE (Groundball, 4MD, EV 103.8 MPH)
Batting: LHB Theodore Conboy 0-0: Ball
1-0: Called Strike
Marvin McAleer steals 2nd base
1-1: Fly out, F7 (Line Drive, 7, EV 89.4 MPH)
Batting: RHB Tommie Eaton 0-0: Ball
1-0: Called Strike
1-1: Ground out U3 (Groundball, 34, EV 87.5 MPH)
Marvin McAleer to third
Batting: RHB Pedro Nin 0-0: Ball
1-0: Ball
2-0: Foul Ball, location: 2F
2-1: Foul Ball, location: 2F
2-2: DOUBLE (Line Drive, 9LS, EV 111.9 MPH)
Marvin McAleer scores
Batting: RHB Mike Thornton 0-0: Ball
1-0: Foul Ball, location: 2F
1-1: Foul Ball, location: 2F
1-2: Strikes out swinging
Top of the 4th over - 1 run, 2 hits, 0 errors, 1 left on base; Pittsburgh 1 - Milwaukee 0
BOTTOM OF THE 4TH
Milwaukee Brewers batting - Pitching for Pittsburgh Pirates : RHP Jeremy Kennie
Batting: LHB Tetsuya Oba 0-0: Called Strike
0-1: Called Strike
0-2: Ground out 4-3 (Groundball, 4S, EV 73.1 MPH)
Batting: SHB Jean-François Bernard 0-0: Called Strike
0-1: Ball
1-1: SINGLE (Groundball, 5D, EV 106.3 MPH)
Batting: RHB Cody Flowers 0-0: Ball
1-0: Hit by Pitch
Jean-François Bernard to second
Batting: RHB Kisho Ito 0-0: Ball
1-0: Fly out, F9 (Flyball, 89D, EV 91.3 MPH)
Runner from 2nd tags up, SAFE at 3rd, no throw by RF
Batting: RHB Ben Campbell 0-0: Called Strike
0-1: Fielders Choice at 2nd, 6-4 (Groundball, 6, EV 87.5 MPH)
Bottom of the 4th over - 0 runs, 1 hit, 0 errors, 2 left on base; Pittsburgh 1 - Milwaukee 0
TOP OF THE 5TH
Pittsburgh Pirates batting - Pitching for Milwaukee Brewers : RHP Mekonen Mahfudh
Batting: RHB Mike Bates 0-0: Called Strike
0-1: Ground out 6-3 (Groundball, 6, EV 104.4 MPH)
Batting: RHB Andrew Robinson 0-0: Swinging Strike
0-1: Foul Ball, location: 2F
0-2: Ball
1-2: Strikes out swinging
Batting: RHB Eisse Bravenboer 0-0: Ball
1-0: DOUBLE (Line Drive, 3D, EV 93.8 MPH)
Batting: RHB Steve Jordan 0-0: Called Strike
0-1: Foul Ball, location: 2F
0-2: Ball
1-2: Strikes out swinging
Top of the 5th over - 0 runs, 1 hit, 0 errors, 1 left on base; Pittsburgh 1 - Milwaukee 0
BOTTOM OF THE 5TH
Milwaukee Brewers batting - Pitching for Pittsburgh Pirates : RHP Jeremy Kennie
Batting: RHB Daniel Donovan 0-0: Ball
1-0: Fly out, F8 (Flyball, BS3, EV 115.6 MPH)
Batting: RHB Akitada Nishizawa 0-0: Called Strike
0-1: Swinging Strike
0-2: Ball
1-2: Ball
2-2: Ball
3-2: DOUBLE (Flyball, 89D, EV 105.6 MPH)
Batting: SHB Jason Woods 0-0: Called Strike
0-1: Called Strike
0-2: Ball
1-2: Foul Ball, location: 2F
1-2: Ground out 6-3 (Groundball, P, EV 83.8 MPH)
Akitada Nishizawa to third
Batting: LHB Cooper Broomhall 0-0: Ball
1-0: Foul Ball, location: 2F
1-1: SINGLE (Groundball, 4MD, EV 95.0 MPH)
Akitada Nishizawa scores
Batting: LHB Tetsuya Oba 0-0: Swinging Strike
0-1: Ground out 4-3 (Groundball, 4, EV 81.9 MPH)
Bottom of the 5th over - 1 run, 2 hits, 0 errors, 1 left on base; Pittsburgh 1 - Milwaukee 1
TOP OF THE 6TH
Pittsburgh Pirates batting - Pitching for Milwaukee Brewers : RHP Mekonen Mahfudh
Batting: SHB Marvin McAleer 0-0: Ball
1-0: Ball
2-0: Foul Ball, location: 2F
2-1: Foul Ball, location: 2F
2-2: Foul Ball, location: 2F
2-2: Foul Ball, location: 2F
2-2: Ball
3-2: Ground out 4-3 (Groundball, 4M, EV 109.4 MPH)
Batting: LHB Theodore Conboy 0-0: Ball
1-0: Ball
2-0: Ground out 4-3 (Groundball, 4, EV 105.0 MPH)
Batting: RHB Tommie Eaton 0-0: Ball
1-0: Called Strike
1-1: DOUBLE (Flyball, 8LXD, EV 96.9 MPH)
Batting: RHB Pedro Nin 0-0: Swinging Strike
0-1: Foul Ball, location: 2F
0-2: Ball
1-2: Foul Ball, location: 2F
1-2: Foul Ball, location: 2F
1-2: Ball
2-2: Foul Ball, location: 2F
2-2: Ground out 6-3 (Groundball, 6S, EV 89.4 MPH)
Top of the 6th over - 0 runs, 1 hit, 0 errors, 1 left on base; Pittsburgh 1 - Milwaukee 1
BOTTOM OF THE 6TH
Milwaukee Brewers batting - Pitching for Pittsburgh Pirates : RHP Jeremy Kennie
Batting: SHB Jean-François Bernard 0-0: Ball
1-0: Foul Ball, location: 2F
1-1: Foul Ball, location: 2F
1-2: Ground out 5-3 (Groundball, 56, EV 101.9 MPH)
Batting: RHB Cody Flowers 0-0: Called Strike
0-1: Ground out 4-3 (Groundball, 4, EV 83.8 MPH)
Batting: RHB Kisho Ito 0-0: Foul Ball, location: 2F
0-1: Foul Ball, location: 2F
0-2: Ground out 4-3 (Groundball, 4, EV 104.4 MPH)
Bottom of the 6th over - 0 runs, 0 hits, 0 errors, 0 left on base; Pittsburgh 1 - Milwaukee 1
TOP OF THE 7TH
Pittsburgh Pirates batting - Pitching for Milwaukee Brewers : RHP Mekonen Mahfudh
Pitching: LHP Jamie Blake
Batting: RHB Mike Thornton 0-0: Ball
1-0: Called Strike
1-1: Called Strike
1-2: Strikes out looking
Batting: RHB Mike Bates 0-0: Ball
1-0: Ball
2-0: Ball
3-0: Base on Balls
Batting: RHB Andrew Robinson 0-0: DOUBLE (Flyball, 78XD, EV 115.6 MPH)
Mike Bates to third
Runner from 3rd tries for Home, SAFE, no throw by CF
Batting: RHB Eisse Bravenboer 0-0: Ground out 6-3 (Groundball, 6, EV 85.6 MPH)
Andrew Robinson to third
Batting: RHB Steve Jordan 0-0: Called Strike
0-1: Called Strike
0-2: Ball
1-2: Ball
2-2: Ball
Wild Pitch!
Andrew Robinson scores
3-2: SINGLE (Groundball, 4S, EV 73.8 MPH) (infield hit)
Batting: SHB Marvin McAleer 0-0: Ball
Steve Jordan is caught stealing 2nd base 2-4
Top of the 7th over - 2 runs, 2 hits, 0 errors, 0 left on base; Pittsburgh 3 - Milwaukee 1
BOTTOM OF THE 7TH
Milwaukee Brewers batting - Pitching for Pittsburgh Pirates : RHP Jeremy Kennie
Pitching: LHP Tim Wichman
Batting: RHB Ben Campbell 0-0: Ball
1-0: Swinging Strike
1-1: Called Strike
1-2: Fly out, F7 (Line Drive, 7, EV 85.0 MPH)
Batting: RHB Daniel Donovan 0-0: Called Strike
0-1: Called Strike
0-2: Ground out 5-3 (Groundball, 56S, EV 79.4 MPH)
Batting: RHB Akitada Nishizawa 0-0: Ball
1-0: Foul Ball, location: 2F
1-1: Swinging Strike
1-2: Ball
2-2: Strikes out swinging
Bottom of the 7th over - 0 runs, 0 hits, 0 errors, 0 left on base; Pittsburgh 3 - Milwaukee 1
TOP OF THE 8TH
Pittsburgh Pirates batting - Pitching for Milwaukee Brewers : LHP Jamie Blake
Batting: SHB Marvin McAleer 0-0: Called Strike
0-1: Called Strike
0-2: Strikes out swinging
Batting: LHB Theodore Conboy 0-0: Ball
1-0: Ball
2-0: Called Strike
2-1: Swinging Strike
2-2: Strikes out swinging
Batting: RHB Tommie Eaton 0-0: Ball
1-0: Called Strike
1-1: Fly out, F7 (Flyball, 7LM, EV 103.1 MPH)
Top of the 8th over - 0 runs, 0 hits, 0 errors, 0 left on base; Pittsburgh 3 - Milwaukee 1
BOTTOM OF THE 8TH
Milwaukee Brewers batting - Pitching for Pittsburgh Pirates : LHP Tim Wichman
Batting: SHB Jason Woods 0-0: Ball
1-0: Ball
2-0: Ball
3-0: Base on Balls
Batting: RHB Yuichi Matsuoka 0-0: Ball
1-0: Foul Ball, location: 2F
1-1: 2-RUN HOME RUN (Flyball, 7LD, EV 96.3 MPH), Distance : 358 ft
Pinch Hitting: SHB Pat Wilson 0-0: Ball
1-0: Foul Ball, location: 2F
1-1: Foul Ball, location: 2F
1-2: Ball
2-2: Strikes out looking
Batting: SHB Jean-François Bernard 0-0: Ball
1-0: Called Strike
1-1: Foul Ball, location: 2F
1-2: Ground out 6-3 (Groundball, 6, EV 105.6 MPH)
Batting: RHB Cody Flowers 0-0: Swinging Strike
0-1: Called Strike
0-2: Strikes out looking
Bottom of the 8th over - 2 runs, 1 hit, 0 errors, 0 left on base; Pittsburgh 3 - Milwaukee 3
TOP OF THE 9TH
Pittsburgh Pirates batting - Pitching for Milwaukee Brewers : LHP Jamie Blake
Pitching: RHP Oleg Bahanov
Now at 1B: Noah Stanley
Batting: RHB Pedro Nin 0-0: Called Strike
0-1: Ball
1-1: Foul Ball, location: 2F
1-2: SOLO HOME RUN (Flyball, 7LD, EV 96.3 MPH), Distance : 357 ft
Batting: RHB Mike Thornton 0-0: Ground out 3-1 (Groundball, 34, EV 106.9 MPH)
Batting: RHB Mike Bates 0-0: Called Strike
0-1: Ball
1-1: Foul Ball, location: 2F
1-2: Foul Ball, location: 2F
1-2: Fly out, F2 (Popup, 25F, EV 74.4 MPH)
Batting: RHB Andrew Robinson 0-0: Called Strike
0-1: Ball
1-1: DOUBLE (Flyball, 8LXD, EV 90.0 MPH)
Batting: RHB Eisse Bravenboer 0-0: Ball
1-0: Ground out 6-3 (Groundball, 6, EV 102.5 MPH)
Top of the 9th over - 1 run, 2 hits, 0 errors, 1 left on base; Pittsburgh 4 - Milwaukee 3
BOTTOM OF THE 9TH
Milwaukee Brewers batting - Pitching for Pittsburgh Pirates : LHP Tim Wichman
Pitching: LHP Riichi Yamashita
Batting: RHB Kisho Ito 0-0: Ball
1-0: Ball
2-0: Ball
3-0: Base on Balls
Batting: RHB Ben Campbell 0-0: Ball
1-0: Called Strike
1-1: Ball
Kisho Ito steals 2nd base
2-1: SINGLE (Groundball, 6D, EV 101.9 MPH)
Kisho Ito to third
Runner from 3rd tries for Home, SAFE, throw by CF to home
Batting: RHB Daniel Donovan 0-0: Ball
1-0: Sac Bunt to P - play at second, runner OUT! 1-6
Batting: RHB Akitada Nishizawa 0-0: Ball
1-0: Ball
2-0: Ball
3-0: Called Strike
3-1: Swinging Strike
3-2: Strikes out looking
Batting: SHB Jason Woods 0-0: Foul Ball, location: 2F
0-1: Ball
1-1: Ball
2-1: Fielders Choice at 2nd, 6-4 (Groundball, 6, EV 83.1 MPH)
Bottom of the 9th over - 1 run, 1 hit, 0 errors, 1 left on base; Pittsburgh 4 - Milwaukee 4
TOP OF THE 10TH
Pittsburgh Pirates batting - Pitching for Milwaukee Brewers : RHP Oleg Bahanov
Batting: RHB Steve Jordan 0-0: Ball
1-0: Swinging Strike
1-1: Ball
2-1: Ball
3-1: Called Strike
3-2: DOUBLE (Flyball, 8LXD, EV 107.5 MPH)
Batting: SHB Marvin McAleer 0-0: Intentional Walk
Batting: LHB Theodore Conboy 0-0: Called Strike
0-1: Swinging Strike
0-2: Ball
1-2: Foul Ball, location: 2F
1-2: Strikes out swinging
Batting: RHB Tommie Eaton 0-0: Ball
1-0: Called Strike
1-1: Called Strike
1-2: Strikes out swinging
Batting: RHB Pedro Nin 0-0: Ball
1-0: SINGLE (Line Drive, 3D, EV 98.8 MPH)
Steve Jordan to third
Marvin McAleer to second
Runner from 3rd tries for Home, SAFE, throw by RF to home
Batting: RHB Mike Thornton 0-0: Ball
1-0: Fly out, F8 (Flyball, 8RS, EV 85.6 MPH)
Top of the 10th over - 1 run, 2 hits, 0 errors, 2 left on base; Pittsburgh 5 - Milwaukee 4
BOTTOM OF THE 10TH
Milwaukee Brewers batting - Pitching for Pittsburgh Pirates : LHP Riichi Yamashita
Batting: RHB Yuichi Matsuoka 0-0: Ground out 6-3 (Groundball, 6, EV 106.3 MPH)
Batting: RHB Noah Stanley 0-0: Ball
1-0: Ground out 4-3 (Groundball, 34, EV 87.5 MPH)
Batting: SHB Jean-François Bernard 0-0: Ball
1-0: Ball
2-0: Called Strike
2-1: Fly out, F3 (Popup, 34, EV 74.4 MPH)
Bottom of the 10th over - 0 runs, 0 hits, 0 errors, 0 left on base; Pittsburgh 5 - Milwaukee 4
Thursday, March 31st , 2022 - OOTP Baseball 22.12 Build 89